 Dungeon Crawl Stone Soup version 0.29.1-12-g30fa7ad0bf (webtiles) character file.

Game seed: 2777694099307331423

261 xzight the Shield-Bearer (level 6, -1/53 HPs)
             Began as a Gnoll Fighter on Dec 28, 2022.
             Slain by a gnoll
             ... wielding a +0 flail
             ... led by a gnoll sergeant
              (5 damage)
             ... on level 4 of the Dungeon.
             The game lasted 00:06:07 (3495 turns).

xzight the Shield-Bearer (Gnoll Fighter)            Turns: 3495, Time: 00:06:08

Health: -1/53      AC:  7    Str: 15    XL:     6   Next: 18%
Magic:  17/17      EV:  9    Int: 10    God:
Gold:   169        SH:  5    Dex: 11    Spells: 8/8 levels left

rFire   . . .      SeeInvis .   r - +5 mace of Xoddah {drain, Will+ rCorr}
rCold   . . .      Faith    .   c - +0 buckler
rNeg    . . .      Spirit   .   b - +0 scale mail
rPois   .          Reflect  .   (no helmet)
rElec   .          Harm     .   (no cloak)
rCorr   +          Rampage  .   (no gloves)
Will    +....                   (no boots)
Stlth   ..........              (no amulet)
HPRegen 0.17/turn               M - ring of magical power
MPRegen 0.15/turn               L - ring of flight

@: lethally poisoned (-1 -> -20), flying
A: fangs 1, strong nose, distributed training
a: no special abilities


You were on level 4 of the Dungeon.
You visited 1 branch of the dungeon, and saw 4 of its levels.

You collected 169 gold pieces.


Innate Abilities, Weirdness & Mutations

You have very sharp teeth.
Your uncanny sense of smell can sniff out nearby items.
Your experience applies equally to all skills.


   Skills:
 + Level 6.8 Fighting
 + Level 1.9 Short Blades
 + Level 1.9 Long Blades
 + Level 1.9 Axes
 + Level 5.0 Maces & Flails
 + Level 1.9 Polearms
 + Level 1.9 Staves
 + Level 1.9 Ranged Weapons
 + Level 1.9 Throwing
 + Level 6.8 Armour
 + Level 1.9 Dodging
 + Level 1.9 Stealth
 + Level 6.8 Shields
 + Level 1.9 Unarmed Combat
 + Level 1.9 Spellcasting
 + Level 1.5 Conjurations
 + Level 1.5 Hexes
 + Level 1.5 Summonings
 + Level 1.5 Necromancy
 + Level 1.5 Translocations
 + Level 1.5 Transmutations
 + Level 1.5 Fire Magic
 + Level 1.5 Ice Magic
 + Level 1.5 Air Magic
 + Level 1.5 Earth Magic
 + Level 1.5 Poison Magic
 + Level 2.1 Invocations
 + Level 1.9 Evocations


You had 8 spell levels left.
You didn't know any spells.
Your spell library contained the following spells:

 Spells                   Type           Power      Damage    Failure   Level
 Slow                     Hex            16%        N/A       56%         1
 Blink                    Tloc           8%         N/A       71%         2
 Confusing Touch          Hex            4%         N/A       91%         3
 Vampiric Draining        Necr           4%         2d6       91%         3
 Manifold Assault         Tloc           4%         N/A       100%        5
 Storm Form               Tmut/Air       2%         N/A       100%        7

Inventory:

Hand Weapons
 a - a +0 flail
 m - the +4 spear of the Crawling Thing {flame, +Blink rElec}
   (You found it on level 2 of the Dungeon)

   It burns those it strikes, dealing additional fire damage.
   rElec:     It insulates you from electricity.
   +Blink:    It lets you blink.
 r - the +5 mace of Xoddah (weapon) {drain, Will+ rCorr}
   (You found it on level 3 of the Dungeon)

   A truly terrible weapon, it drains the life of any living foe it strikes.
   rCorr:     It protects you from acid and corrosion.
   Will:      It increases your willpower.
Missiles
 s - 2 throwing nets {=f}
Armour
 b - a +0 scale mail (worn)
 c - a +0 buckler (worn)
 l - a +0 pair of gloves
Jewellery
 L - a ring of flight (right hand)
 M - a ring of magical power (left hand)
Wands
 n - a wand of iceblast (13)
Scrolls
 e - a scroll of blinking {unknown}
 f - 3 scrolls of teleportation {@r2}
 j - a scroll of enchant armour {unknown}
 k - 2 scrolls of vulnerability {unknown}
 q - a scroll of fear {unknown}
Potions
 d - a potion of might
 g - a potion of flight {unknown}
 h - a potion of attraction {unknown}
 i - 3 potions of curing {@q1}
 o - 2 potions of lignification
 p - a potion of haste {unknown}
 t - a potion of degeneration {unknown}

Dungeon Overview and Level Annotations

Branches:
Dungeon (4/15)
 Temple: D:4-7

Altars:

#... ...##§ #...
...#§§§
#...#########....§§§
####...........#.....§
>..............#....
..................#
...............#.##
#!..#g##....#.##
#...g@g.....#..###
#...####.#.##.#..##
#... #.#.......<# #...
#.#...>..†.# ....g
#.#.#..#...# ......
#.........[. ##.####
###.#.###..#. .. .....
...#.# ##... ..## .


You could see a gnoll sergeant (very drained) and 2 gnolls.


Message History

You feel sick.
You hit the gnoll sergeant.
The gnoll sergeant is moderately wounded.
You feel sick. The gnoll hits you but does no damage.
You barely miss the gnoll sergeant. Your bite misses the gnoll sergeant.
The gnoll sergeant is moderately wounded.
You feel sick.
The gnoll sergeant hits you with a +3 spear of venom!
You are more poisoned.
You block the gnoll's attack.
You hit the gnoll.
You kill the gnoll!
You feel very sick.
Your Maces & Flails skill increases to level 5!
You sock the gnoll sergeant!
The gnoll sergeant is heavily wounded.
You feel sick. The gnoll hits you but does no damage.
You closely miss the gnoll sergeant.
The gnoll sergeant is heavily wounded.
You feel very sick. The gnoll closely misses you.
You block the gnoll sergeant's attack.
You hit the gnoll sergeant. You drain the gnoll sergeant.
The gnoll sergeant is almost dead.
You feel sick. The gnoll hits you with a +0 flail!
* * * LOW HITPOINT WARNING * * *
The gnoll sergeant hits you with a +3 spear of venom.
* * * LOW HITPOINT WARNING * * *
You are more poisoned.
The gnoll hits you with a +0 flail.
You die...

Skill      XL: |  1  2  3  4  5  6 |
---------------+-------------------+-----
Invocations    | 1 2 |  2.1
Short Blades   | 1 |  1.9
Long Blades    | 1 |  1.9
Axes           | 1 |  1.9
Polearms       | 1 |  1.9
Staves         | 1 |  1.9
Ranged Weapons | 1 |  1.9
Throwing       | 1 |  1.9
Dodging        | 1 |  1.9
Stealth        | 1 |  1.9
Unarmed Combat | 1 |  1.9
Spellcasting   | 1 |  1.9
Evocations     | 1 |  1.9
Conjurations   | 1 |  1.5
Hexes          | 1 |  1.5
Summonings     | 1 |  1.5
Necromancy     | 1 |  1.5
Translocations | 1 |  1.5
Transmutations | 1 |  1.5
Fire Magic     | 1 |  1.5
Ice Magic      | 1 |  1.5
Air Magic      | 1 |  1.5
Earth Magic    | 1 |  1.5
Poison Magic   | 1 |  1.5
Maces & Flails | 5 |  5.0
Fighting       | |  6.8
Armour         | |  6.8
Shields        | |  6.8

Action                   |  1- 3 |  4- 6 || total
-------------------------+-------+-------++-------
Melee: Flail             |    81 |     5 ||    86
       Bite              |     5 |    10 ||    15
       Spear             |       |    58 ||    58
       Mace              |       |    55 ||    55
  Use: Scroll            |       |     3 ||     3
Armor: Scale mail        |    34 |    40 ||    74
Dodge: Dodged            |    29 |    42 ||    71
Block: Buckler           |    21 |    35 ||    56

Levels and vault maps discovered:
D:1:      minmay_arrival_arboretum_small, layout_basic, serial_bayou_ford_a,
          st_stairs_7
D:2:      layout_loops_ring, ebering_ecumenical_altar_webs
D:3:      layout_loops_corners, grunt_decor_resistance, grunt_ministairs_15,
          chequers_serial_rivers_small_a
D:4:      layout_loops_cross, nicolae_overflow_crystal_walls,
          nicolae_dithmenos_the_darkroom

Notes
Turn   | Place    | Note
-------+----------+-------------------------------------------
     0 | D:1      | xzight the Gnoll Fighter began the quest for the Orb.
     0 | D:1      | Reached XP level 1. HP: 23/23 MP: 1/1
   243 | D:1      | Reached XP level 2. HP: 29/29 MP: 2/2
   590 | D:2      | Reached XP level 3. HP: 22/35 MP: 2/4
   592 | D:2      | Reached skill level 1 in Invocations
   937 | D:2      | Reached skill level 1 in Short Blades
   937 | D:2      | Reached skill level 1 in Long Blades
   937 | D:2      | Reached skill level 1 in Axes
   937 | D:2      | Reached skill level 1 in Polearms
   937 | D:2      | Reached skill level 1 in Staves
   937 | D:2      | Reached skill level 1 in Ranged Weapons
   937 | D:2      | Reached skill level 1 in Throwing
   937 | D:2      | Reached skill level 1 in Dodging
   937 | D:2      | Reached skill level 1 in Stealth
   937 | D:2      | Reached skill level 1 in Unarmed Combat
   937 | D:2      | Reached skill level 1 in Spellcasting
   937 | D:2      | Reached skill level 1 in Evocations
  1097 | D:2      | Reached XP level 4. HP: 40/41 MP: 5/5
  1131 | D:2      | Identified the +4 spear of the Crawling Thing {flame,
                  | +Blink rElec}
  1238 | D:2      | Found a faded altar of an unknown god.
  1577 | D:2      | Reached skill level 1 in Conjurations
  1577 | D:2      | Reached skill level 1 in Hexes
  1577 | D:2      | Reached skill level 1 in Summonings
  1577 | D:2      | Reached skill level 1 in Necromancy
  1577 | D:2      | Reached skill level 1 in Translocations
  1577 | D:2      | Reached skill level 1 in Transmutations
  1577 | D:2      | Reached skill level 1 in Fire Magic
  1577 | D:2      | Reached skill level 1 in Ice Magic
  1577 | D:2      | Reached skill level 1 in Air Magic
  1577 | D:2      | Reached skill level 1 in Earth Magic
  1577 | D:2      | Reached skill level 1 in Poison Magic
  1820 | D:2      | Reached XP level 5. HP: 23/47 MP: 7/7
  2438 | D:3      | Identified the +5 mace of Xoddah {drain, Will+ rCorr}
  3095 | D:3      | Reached skill level 2 in Invocations
  3350 | D:2      | Reached XP level 6. HP: 48/53 MP: 8/8
  3493 | D:4      | Reached skill level 5 in Maces & Flails
  3495 | D:4      | HP: 4/53 [gnoll sergeant/+3 spear of venom (3)]
  3495 | D:4      | Slain by a gnoll

Vanquished Creatures
  An orc wizard (D:2)
  12 gnolls
  4 adders
  2 worms
  2 dart slugs
  3 orcs (D:2)
  7 endoplasms
  4 giant cockroaches (D:2)
  4 goblins
  5 hobgoblins
  3 jackals (D:1)
  9 kobolds
  4 quokkas
  4 ball pythons
  3 bats
  6 frilled lizards
  4 rats (D:2)
77 creatures vanquished.

Table legend: (Time is in decaauts)
 A = Elapsed time spent in this place.
 B = Non-inter-level travel time spent in this place.
 C = Inter-level travel time spent in this place.
 D = Time resting spent in this place.
 E = Time spent auto-exploring this place.
 F = Levels seen in this place.
 G = Mean time per level.
                   A        B        C        D        E       F      G
               +--------+--------+--------+--------+--------+-----+--------+
         Total |   3539 |   3403 |    136 |    700 |   2147 |   4 |  884.8 |
       Dungeon |   3539 |   3403 |    136 |    700 |   2147 |   4 |  884.8 |
               +--------+--------+--------+--------+--------+-----+--------+

Top non-repeatable levels by time:
     D:2: 1689 daAuts
     D:3: 1214 daAuts
     D:1: 589 daAuts
     D:4: 46 daAuts

Table legend:
 A = Non-vault XP
 B = Vault XP
 C = Vault XP percentage of total XP
 D = Non-vault monster count
 E = Vault monster count
 F = Vault count percentage of total count
                 A         B        C        D         E       F
            +---------+---------+-------+---------+---------+-------
      Total |     326 |      48 |  12.8 |      71 |       6 |   7.8
            +---------+---------+-------+---------+---------+-------
        D:1 |      31 |       2 |   6.1 |      17 |       1 |   5.6
        D:2 |     121 |      46 |  27.5 |      28 |       5 |  15.2
        D:3 |     147 |       0 |   0.0 |      24 |       0 |   0.0
        D:4 |      27 |       0 |   0.0 |       2 |       0 |   0.0
            +---------+---------+-------+---------+---------+-------
